 Dungeon Crawl Stone Soup version 0.17.0-28-g6e173f8 (webtiles) character file.

103 PossumBlood the Conjurer (level 4, -3/34 HPs)
             Began as a Demigod Conjurer on Nov 23, 2015.
             Slain by Gargoyl's ghost (6 damage)
             ... on level 3 of the Dungeon.
             The game lasted 00:12:50 (3233 turns).

PossumBlood the Conjurer (Demigod Conjurer)         Turns: 3233, Time: 00:12:50

Health: -3/34      AC:  3    Str: 11    XL:     4   Next: 27%
Magic:  3/10       EV: 13    Int: 21    God:
Gold:   121        SH:  0    Dex: 16    Spells: 1 memorised, 6 levels left

rFire  . . .     SeeInvis .     n - +0 quarterstaff
rCold  . . .     Clarity  .     a - +0 robe
rNeg   . . .     SustAt   +     (shield currently unavailable)
rPois  .         Gourm    .     (no helmet)
rElec  .         Spirit   .     (no cloak)
rCorr  .         Warding  .     (no gloves)
rMut   .         Stasis   .     (no boots)
MR     .....                    (no amulet)
Stlth  ++........               (no ring)
                                (no ring)

@: not resistant to hostile enchantments, unstealthy
A: deterioration 1, high mp 1, screaming 1, shaggy fur 1, sustain attributes
a: no special abilities


You were on level 3 of the Dungeon.
You were not hungry.

You visited 1 branch of the dungeon, and saw 3 of its levels.

You collected 121 gold pieces.

Inventory:

Hand Weapons
 d - a +0 dagger
 f - a +0 hunting sling
 g - a +0 mace
 m - a +0 falchion
 n - a +0 quarterstaff (weapon)
Missiles
 c - 10 poisoned needles
Armour
 a - a +0 robe (worn)
 i - a +0 ring mail
 l - a +0 robe
 o - a +0 leather armour
 q - a +0 buckler
Scrolls
 e - 2 scrolls of identify
 h - 3 scrolls of remove curse
 r - 2 scrolls of amnesia {unknown}
Potions
 j - a potion of curing
Books
 b - a book of Conjurations

   Spells                             Type                      Level
   a - Magic Dart                     Conjuration                  1
   b - Searing Ray                    Conjuration                  2
   c - Dazzling Spray                 Conjuration/Hexes            3
   d - Fulminant Prism                Conjuration/Hexes            4
   e - Iskenderun's Mystic Blast      Conjuration                  4
   f - Iskenderun's Battlesphere      Conjuration/Charms           5
Comestibles
 p - 2 beef jerkies
 s - a meat ration
 t - a royal jelly


   Skills:
 + Level 0.3 Fighting
 + Level 2.1 Dodging
 + Level 2.1 Stealth
 + Level 2.3 Spellcasting
 + Level 4.7 Conjurations


You had 6 spell levels left.
You knew the following spells:

 Your Spells              Type           Power        Failure   Level  Hunger
a - Magic Dart            Conj           ###.         1%          1    #......


Dungeon Overview and Level Annotations

Branches:
Dungeon (3/15)

Annotations:
D:3 Gargoyl's ghost, amateur DsAK


Innate Abilities, Weirdness & Mutations

You have an increased reservoir of magic (+10% MP).
Your attributes are resistant to harm.
Your body sometimes deteriorates upon taking damage.
You occasionally shout uncontrollably at your foes.
You are covered in fur (AC +1).


Message History

Gargoyl's ghost misses you. Gargoyl's ghost hits you!
* * * LOW HITPOINT WARNING * * *
Your body deteriorates!
You feel weakened for a moment.
Casting: Magic Dart
Confirm with . or Enter, or press ? or * to list all spells.
Aiming: Magic Dart
Press: ? - help, Shift-Dir - straight line, f/p - Gargoyl's ghost
Aim: Gargoyl's ghost (moderately damaged)
The magic dart hits Gargoyl's ghost.
Gargoyl's ghost is moderately damaged.
Gargoyl's ghost whispers, "Death doesn't hurt.
What you feel is life." Gargoyl's ghost hits you.
* * * LOW HITPOINT WARNING * * *
Unknown command.
You hit Gargoyl's ghost.
Gargoyl's ghost is heavily damaged.
Gargoyl's ghost hits you.
You die...

#........#...#
.....##.##..#######
#... #...........#
#.( ###########.# .
.. #.# #. #.# #.
#.# #.###.# #.@W..#
#######


You could see Gargoyl's ghost.

Vanquished Creatures
  5 adders (D:2)
  An ooze (D:2)
  A worm (D:2)
  2 giant geckos (D:1)
  An orc (D:2)
  A ball python (D:1)
  4 bats (D:2)
  A giant cockroach (D:1)
  6 goblins
  9 hobgoblins
  5 kobolds
  3 giant newts
  8 rats
47 creatures vanquished.

Notes
Turn   | Place    | Note
--------------------------------------------------------------
     0 | D:1      | PossumBlood the Demigod Conjurer began the quest for the Orb.
     0 | D:1      | Reached XP level 1. HP: 14/14 MP: 5/5
   399 | D:1      | Reached XP level 2. HP: 20/20 MP: 1/7
   901 | D:1      | Reached skill level 4 in Conjurations
  1174 | D:1      | Gained mutation: You are covered in fur (AC +1). [potion of mutation]
  1174 | D:1      | Gained mutation: Your body sometimes deteriorates upon taking damage. [potion of mutation]
  1174 | D:1      | Gained mutation: You occasionally shout uncontrollably at your foes. [potion of mutation]
  1461 | D:2      | Reached XP level 3. HP: 26/26 MP: 4/8
  2804 | D:2      | Reached XP level 4. HP: 28/34 MP: 1/10
  3177 | D:3      | Noticed Gargoyl's ghost (amateur DsAK)
  3233 | D:3      | Slain by Gargoyl's ghost

Action                   |  1- 3 |  4- 6 || total
-------------------------+-------+-------++-------
Melee: Dagger            |    29 |       ||    29
       Quarterstaff      |       |     9 ||     9
 Cast: Magic Dart        |    86 |    23 ||   109
  Use: Potion            |     4 |     1 ||     5
       Scroll            |     2 |       ||     2
  Eat: Bread ration      |     1 |     1 ||     2
